Unix NetHack Version 5.0.0-0 post-release - last build May  4 2026 22:22:43 (774f63e81ad911689b3a0859ea89b322d5daca8d,branch:main).

Game began 2026-05-10 16:22:10, ended 2026-05-10 17:00:00.

DiePARTEI, chaotic male dwarven Archeologist

                              --------------------
                              |.....|...|........|
                              |.....|.-.|.0-@....|
                              |.....|.00|..f..|..|
                              |..<..|.-.|0.-`.|.-|
                              |.....|......%--...|
                              |.....|-...-.00|...|
                              |.....|--...|..|...|
                              |+-----------..|..-|
                              |.^^^.......^......|
                              ------------->.|[[.|
                                          --------

DiePARTEI the Investigator  St:14 Dx:9 Co:13 In:16 Wi:14 Ch:9  Chaotic
Dlvl:3  $:0  HP:0(59) Pw:12(20) AC:5  Xp:6 T:4752  Burdened

Latest messages:
 You miss the giant rat.
 You lash the giant rat!
 The giant rat bites!
 The giant rat misses!
 You kill the giant rat!
 You see here a giant rat corpse.
 With great effort you move the boulder.
 You hear a monster behind the boulder.
 Perhaps that's why you cannot move it.
 You lash the acid blob!
 You are splashed by the acid blob's acid!
 You kill the acid blob!
 You are splashed by the acid blob's acid!
 With great effort you move the boulder.
 With great effort you move the boulder.
 You yawn.
 The boulder suddenly rolls away from you!
 You hear a boulder fall.
 You fall asleep.
 You wake up.
 You see here a giant rat corpse.
 The large cat bites!
 You miss the large cat.
 The large cat bites!
 You lash the large cat.
 The large cat bites!
 The large cat bites!
 You lash the large cat!
 The large cat bites!
 You miss the large cat.
 The large cat bites!
 You lash the large cat!
 The large cat bites!
 You miss the large cat.
 The large cat bites!
 You lash the large cat.
 You miss the large cat.
 The large cat bites!
 You lash the large cat.
 The large cat bites!
 You fail to cast the spell correctly.
 The large cat bites!
 You fail to cast the spell correctly.
 The large cat bites!
 You die...
 Do you want your possessions identified? [ynq] (y) y
 Do you want to see your attributes? [ynq] (y) y
 Do you want an account of creatures vanquished? [ynaq] (y) y
 Do you want to see your conduct and achievements? [ynq] (y) y
 Do you want to see the dungeon overview? [ynq] (y) y

Inventory:
 Amulets  ('"')
  P - a cursed amulet of restful sleep (being worn)
 Weapons  (')')
  a - a +2 bullwhip (weapon in left hand)
 Armor    ('[')
  Q - a cursed -1 helm of opposite alignment (being worn)
  q - an uncursed +0 pair of leather gloves (being worn)
  R - a cursed -2 pair of fumble boots
  O - an uncursed +0 pair of iron shoes (being worn)
  S - a cursed +0 cloak of magic resistance (being worn)
  b - an uncursed +0 leather jacket (being worn)
 Comestibles  ('%')
  d - 9 uncursed food rations
  w - an uncursed tripe ration
  x - an uncursed lizard corpse
 Scrolls  ('?')
  H - an uncursed scroll of confuse monster
  z - 2 uncursed scrolls of earth
  J - an uncursed scroll of fire
 Spellbooks  ('+')
  D - an uncursed spellbook of detect monsters
  k - an uncursed spellbook of healing
  p - a cursed spellbook of magic mapping
  G - an uncursed spellbook of magic missile
 Potions  ('!')
  c - an uncursed potion of blindness
  y - an uncursed potion of invisibility
  n - a blessed potion of levitation
  Z - 2 uncursed potions of water
 Rings    ('=')
  A - a cursed ring of hunger
  u - an uncursed ring of polymorph
 Wands    ('/')
  v - a wand of cold (0:5)
  U - a cursed wand of cold (0:0)
  V - a cursed wand of digging (0:5)
  B - a wand of opening (0:4)
 Tools    ('(')
  s - an uncursed sack containing 1 item
  W - a cursed blindfold
  X - an uncursed brass lantern
  e - a +0 pick-axe (alternate weapon; not wielded)
  L - an uncursed skeleton key
  l - an uncursed tin whistle
  f - a tinning kit (0:38)
 Gems/Stones  ('*')
  g - an uncursed touchstone

Contents of the sack:
  180 gold pieces

DiePARTEI the Archeologist's attributes:

Background:
 You were an Investigator, a level 6 male dwarven Archeologist.
 You were chaotic, temporarily on a mission for Huhetotl
 who was opposed by Quetzalcoatl (lawful) and Camaxtli (neutral).
 You were actually lawful.
 You were left-handed.
 You were in Sokoban, on level 3.
 You entered the dungeon 4752 turns ago.
 You had 458 experience points, 182 more were needed to attain level 7.

Basics:
 You had 0 out of 59 hit points.
 You had 12 out of 20 energy points (spell power).
 Your armor class was 5.
 Your wallet was empty, but
 you had 180 zorkmids stashed away in your pack.
 Autopickup was off.

Final Characteristics:
 Your strength was 14 (peak:16, limit:18/100).
 Your dexterity was 9 (limit:20).
 Your constitution was 13 (limit:20).
 Your intelligence was 16 (limit:16).
 Your wisdom was 14 (limit:16).
 Your charisma was 9 (limit:16).

Final Status:
 You fell asleep uncontrollably.
 You weren't hungry.
 You were burdened; movement was slightly slowed.
 You were wielding a whip.
 You were skilled in whip.

Final Attributes:
 You were piously aligned.
 You were magic-protected.
 You had automatic searching.
 You had infravision.
 You were stealthy.
 You were warded.
 You were fast.
 You are dead.

Miscellaneous:
 You encountered 1 bones level.
 Total elapsed playing time was 37 minutes and 47 seconds.

Major events:
 Turn
    1: DiePARTEI the lawful male dwarven Archeologist entered the dungeon
  965: entered the Gnomish Mines
  993: attained the rank of Field Worker (level 3)
 1445: reached Mine Town
 3337: entered Sokoban
 3762: completed 1st Sokoban level
 4256: completed 2nd Sokoban level
 4358: attained the rank of Investigator (level 6)
 4752: killed by a large cat

Spells:
 Name                 Level Category     Fail Retention
 healing                1   healing       47%  76%-100%
 detect monsters        1   divination    47%  76%-100%
 magic missile          2   attack        90%  76%-100%

Skills:
 Fighting Skills
   bare handed combat [Unskilled]
   two weapon combat  [Unskilled]
   riding             [Unskilled]
 Weapon Skills
   dagger             [Unskilled]
   knife              [Unskilled]
   pick-axe           [Basic]
   short sword        [Unskilled]
   saber              [Unskilled]
   club               [Unskilled]
   quarterstaff       [Unskilled]
   sling              [Unskilled]
   dart               [Unskilled]
   boomerang          [Unskilled]
   whip               [Skilled]
   unicorn horn       [Unskilled]
 Spellcasting Skills
   attack spells      [Unskilled]
   healing spells     [Unskilled]
   divination spells  [Unskilled]
   matter spells      [Unskilled]

Voluntary challenges:
 Character rerolling was not enabled.
 You never genocided any monsters.
 You never polymorphed an object.
 You never changed form.
 You used no wishes.
 You did not violate any of the special Sokoban rules.
Achievements:
 You entered the Gnomish Mines.
 You attained the rank of Field Worker.
 You entered Minetown.
 You entered a shop.
 You entered a temple.
 You entered Sokoban.
 You attained the rank of Investigator.

 The Dungeons of Doom: levels 1 to 6
    Level 1:
    Level 2:
       A fountain.
    Level 3:
       A fountain.
       Stairs down to The Gnomish Mines.
    Level 4:
    Level 5:
    Level 6:
       Stairs up to Sokoban, level 5.
 The Gnomish Mines: levels 4 to 7
    Level 4:
    Level 5:
    Level 6:
       A grave.
       Final resting place for
          Tobihime-Wiz-Hum-Fem-Neu, killed by a giant spider, while praying.
    Level 7:
       Many shops, a temple and an altar, some fountains, a sink.
 Sokoban: levels 5 up to 3
    Level 3: <- You were here.
       Unsolved.
       Final resting place for
          you, killed by a large cat.
    Level 4:
       Solved.
    Level 5:
       Solved.


Vanquished creatures:
 an elf mummy
  a giant beetle
 an orc-captain
 an orc mummy
  a lizard
  a rock piercer
  a fog cloud
  a yellow light
  a violet fungus
  a floating eye
  a kobold leader
  2 kobold shamans
  a rothe
  a rabid rat
  2 centipedes
  3 monkeys
  a werejackal
  2 iguanas
 an acid blob
  2 coyotes
  2 hobbits
  2 manes
  a large kobold
  2 hobgoblins
  4 giant rats
  3 cave spiders
  a yellow mold
  a red mold
  6 gnomes
  a gnome zombie
  5 geckos
  6 jackals
  3 foxes
  a kobold
  a goblin
  4 sewer rats
  a grid bug
  5 lichens
  a kobold zombie
  6 newts
82 creatures vanquished.

No species were genocided or became extinct.

Game over:
                       ----------
                      /          \
                     /    REST    \
                    /      IN      \
                   /     PEACE      \
                  /                  \
                  |    DiePARTEI     |
                  |      180 Au      |
                  |   killed by a    |
                  |    large cat     |
                  |                  |
                  |                  |
                  |       2026       |
                 *|     *  *  *      | *
        _________)/\\_//(\/(/\)/\//\/|_)_______

Goodbye DiePARTEI the Archeologist...

You died in Sokoban on dungeon level 3 with 2364 points,
and 180 pieces of gold, after 4752 moves.
You were level 6 with a maximum of 59 hit points when you died.

